Map: Dreamcatcher LE

Players

Clem - Winner!

  • Race: Terran Terran
  • Spawn Location: 11:00

Majestic

  • Race: Protoss Protoss
  • Spawn Location: 5:00

Event: WCS Valencia 2018

VOD

Have the link to the VOD?

Description

Time

  • Played on: July 12, 2018, 6:37 a.m.
  • Length: 11:11

All games in this series

Show
View Real Time Build Order
Export as new Build Order

Clem Terran - Winner!

Build Orders: Gas First Reaper Expand, Reaper Expand, MMM Bio 

Get SALT Encoding   

  12  0:02  SCV  
  14  0:14  SCV  
  14  0:17  Supply Depot  
  14  0:26  SCV  
  15  0:32  Refinery  
  15  0:38  SCV  
  16  0:44  Barracks  
  16  0:51  SCV  
  17  1:03  SCV  
  18  1:15  SCV  
  19  1:32  Reaper, Orbital Command  
  20  1:43  Command Center  
  20  1:54  Factory  
  20  1:58  SCV  
  21  2:10  Barracks Reactor  
  21  2:11  SCV  
  21  2:13  Supply Depot  
  22  2:19  Refinery  
  22  2:23  SCV  
  23  2:36  SCV  
  24  2:48  SCV  
  24  2:49  Hellion x2  
  28  2:58  Orbital Command  
  28  3:00  SCV  
  29  3:12  SCV  
  30  3:15  Cyclone  
  30  3:19  Cyclone  
  35  3:23  Supply Depot  
  35  3:24  SCV  
  35  3:25  SCV  
  37  3:33  Engineering Bay  
  37  3:36  SCV  
  37  3:37  SCV  
  39  3:48  Cyclone, SCV  
  43  3:50  SCV  
  44  3:59  Missile Turret  
  44  4:00  SCV, Missile Turret  
  44  4:02  SCV  
  46  4:06  Cyclone  
  49  4:12  SCV  
  49  4:14  SCV  
  51  4:20  Cyclone  
  51  4:24  Command Center  
  54  4:27  Supply Depot  
  54  4:33  SCV x2  
  54  4:37  Barracks Tech Lab  
  56  4:41  Barracks  
  56  4:46  SCV, Barracks  
  57  4:55  Marine  
  57  4:56  Stimpack  
  57  4:57  SCV  
  57  4:58  SCV  
  58  5:00  Bunker  
  58  5:01  Factory Tech Lab  
  58  5:10  SCV x2, Terran Infantry Weapons Level 1, Engineering Bay  
  58  5:17  Refinery  
  58  5:18  Marine  
  58  5:19  Refinery  
  59  5:22  SCV  
  59  5:26  Factory Reactor, Starport  
  60  5:30  SCV  
  60  5:34  SCV  
  63  5:36  Supply Depot  
  63  5:41  Terran Infantry Armor Level 1  
  63  5:42  Orbital Command  
  62  5:43  SCV  
  62  5:46  SCV  
  62  5:47  Marine x2  
  62  5:49  Marine  
  67  5:54  Combat Shields  
  67  5:55  SCV  
  67  5:58  Marauder  
  67  6:00  SCV  
  70  6:05  Marine x2  
  70  6:07  SCV  
  70  6:09  Marauder  
  75  6:12  Orbital Command  
  75  6:16  SCV  
  75  6:17  Factory Reactor  
  76  6:19  SCV  
  76  6:20  Medivac, Marauder  
  76  6:22  Marine  
  76  6:23  Marine  
  76  6:25  Medivac  
  85  6:29  Missile Turret, Barracks  
  85  6:31  SCV  
  85  6:32  Supply Depot, SCV, Barracks  
  87  6:40  SCV  
  87  6:41  Marauder  
  87  6:42  Marine x2  
  87  6:43  SCV  
  87  6:44  SCV  
  93  6:48  Supply Depot  
  93  6:49  Marauder  
  93  6:52  SCV  
  96  6:55  SCV, Medivac  
  96  6:56  Supply Depot, Medivac  
  96  6:59  Widow Mine  
  96  7:01  Widow Mine  
  105  7:07  SCV x2  
  107  7:10  Marine  
  107  7:11  Marine  
  107  7:14  Supply Depot, Marauder x2  
  113  7:17  Armory  
  113  7:19  Barracks Tech Lab  
  113  7:23  Barracks Reactor  
  113  7:24  Widow Mine  
  113  7:26  Widow Mine  
  113  7:29  SCV x2  
  119  7:33  Marine x2  
  119  7:35  Marauder x2  
  119  7:36  SCV  
  123  7:41  SCV  
  123  7:43  Medivac  
  116  7:46  Widow Mine, SCV  
  116  7:48  SCV  
  116  7:49  Refinery x2  
  116  7:50  Marine  
  116  7:51  Marine  
  119  7:54  Supply Depot  
  119  7:55  Concussive Shells  
  119  7:56  Marauder  
  119  7:57  Starport  
  121  8:03  Missile Turret, Marauder  
  121  8:05  Missile Turret  
  123  8:06  SCV  
  123  8:08  Liberator, SCV x2  
  126  8:13  Supply Depot  
  126  8:14  Liberator  
  126  8:15  Marine x4  
  130  8:21  Factory Tech Lab, Marauder x2  
  137  8:28  Supply Depot  
  140  8:34  Marine  
  140  8:35  Supply Depot, Marine x2  
  140  8:36  Marine  
  140  8:40  Supply Depot  
  144  8:47  Medivac, Marine x2  
  144  8:48  Marauder  
  145  8:52  Marine  
  137  9:03  Marine  
  137  9:04  Marine  
  137  9:06  Marauder x2  
  137  9:08  Medivac, Marine  
  137  9:09  Marauder  
  132  9:11  Marine  
  132  9:12  SCV x2  
  132  9:14  Medivac  
  119  9:17  Medivac  
  119  9:18  SCV  
  119  9:21  Marine x2  
  113  9:24  SCV  
  113  9:26  Marine  
  113  9:27  Marauder x2  
  113  9:29  Marine  
  113  9:30  SCV x2, Marauder  
  121  9:38  Medivac  
  119  9:39  Marine x2  
  119  9:42  Liberator  
  119  9:43  Fusion Core  
  119  9:44  Marine  
  121  9:47  Marine  
  121  9:49  Marauder  
  123  9:53  Command Center  
  123  9:55  Medivac  
  123  9:57  Marine x2  
  129  10:01  Marauder  
  129  10:02  Marauder  
  129  10:05  Marine  
  129  10:06  Marine  
  135  10:07  Liberator  
  135  10:08  Liberator  
  135  10:10  Marauder  
  137  10:15  Marine x2  
  139  10:22  Marine  
  139  10:23  Marauder x2  
  139  10:24  Marine  
  151  10:31  Marine  
  151  10:35  Marine x2  
  154  10:40  Marine  
  154  10:42  Marine  
  156  10:43  Marine  
  156  10:47  Marauder  
  159  10:52  SCV x2, Marine  
  159  10:53  SCV  
Show
View Real Time Build Order
Export as new Build Order

Majestic Protoss 

Build Orders: 1 Gate Expand, Oracle Opening 

Get SALT Encoding   

  12  0:00  Probe  
  13  0:10  Probe  
  14  0:17  Pylon  
  14  0:18  Probe  
  15  0:34  Probe  
  16  0:39  Gateway  
  16  0:46  Probe  
  16  0:47  Assimilator  
  17  0:55  Probe  
  17  1:03  Probe  
  19  1:12  Probe  
  20  1:22  Nexus  
  20  1:33  Cybernetics Core  
  20  1:36  Probe  
  21  1:42  Assimilator  
  21  1:48  Probe  
  22  1:57  Pylon  
  22  2:01  Probe  
  23  2:07  Adept  
  23  2:14  Warp Gate  
  23  2:15  Probe  
  26  2:24  Stargate  
  26  2:27  Probe  
  27  2:33  Adept  
  27  2:36  Probe  
  28  2:39  Probe  
  29  2:48  Probe  
  30  2:51  Probe  
  30  2:54  Adept  
  31  3:01  Probe  
  31  3:03  Probe  
  33  3:13  Probe x2  
  34  3:21  Probe  
  34  3:23  Oracle  
  34  3:25  Probe  
  36  3:30  Probe  
  40  3:37  Probe, Pylon  
  41  3:42  Probe  
  41  3:44  Adept  
  44  3:49  Probe  
  44  3:51  Oracle, Pylon  
  44  3:54  Probe  
  46  4:01  Probe  
  50  4:06  Probe  
  50  4:07  Gateway  
  51  4:12  Gateway  
  51  4:14  Probe  
  52  4:18  Probe  
  52  4:20  Pylon  
  53  4:24  Assimilator  
  53  4:26  Probe  
  53  4:27  Phoenix  
  53  4:30  Probe  
  57  4:33  Pylon  
  57  4:41  Shield Battery, Probe  
  57  4:43  Probe  
  58  4:53  Probe  
  58  4:55  Probe  
  58  4:57  Phoenix  
  58  4:58  Twilight Council  
  58  4:59  Forge  
  62  5:07  Pylon  
  62  5:13  Probe x2  
  64  5:16  Phoenix  
  64  5:25  Probe  
  64  5:26  Protoss Ground Armor Level 1, Charge  
  64  5:27  Nexus  
  67  5:29  Probe  
  67  5:30  Sentry  
  70  5:40  Probe  
  70  5:41  Probe  
  72  5:43  Phoenix  
  74  6:02  Gateway x2  
  74  6:03  Gateway  
  74  6:04  Phoenix  
  74  6:06  Gateway  
  74  6:09  Gateway  
  76  6:15  Pylon  
  76  6:23  Probe x2  
  78  6:25  Pylon  
  78  6:26  Phoenix  
  80  6:34  Zealot x3  
  86  6:42  Gateway  
  86  6:46  Probe x2  
  88  6:47  Probe  
  88  6:53  Phoenix  
  91  6:57  Pylon  
  91  6:58  Probe  
  92  7:03  Zealot x3  
  92  7:05  Zealot  
  92  7:06  Sentry  
  102  7:09  Zealot  
  102  7:12  Zealot  
  106  7:21  Zealot  
  108  7:29  Zealot x3  
  114  7:30  Zealot x4  
  118  7:44  Protoss Ground Armor Level 2  
  118  7:50  Pylon  
  117  7:54  Pylon x2  
  117  7:56  Pylon  
  117  7:58  Pylon  
  117  8:01  Pylon  
  117  8:03  Pylon  
  117  8:06  Phoenix  
  117  8:09  Zealot x2  
  117  8:10  Zealot  
  125  8:14  Zealot x2  
  129  8:22  Zealot x3  
  129  8:24  Zealot  
  137  8:33  Zealot x3  
  143  8:36  Zealot x2  
  147  8:48  Zealot x4  
  141  8:54  Zealot x2  
  141  8:55  Zealot  
  128  9:05  Zealot x2  
  95  9:20  Probe x3  
  82  9:26  Zealot x5  
  82  9:27  Zealot x2  
  82  9:29  Phoenix  
  94  9:33  Sentry, Zealot  
  94  9:34  Probe x2  
  94  9:41  Probe  
  91  9:45  Dark Shrine  
  91  9:46  Assimilator  
  91  9:48  Nexus  
  91  9:49  Probe  
  91  9:51  Assimilator  
  92  9:58  Probe  
  93  10:00  Robotics Facility, Probe, Pylon  
  93  10:02  Probe  
  94  10:09  Sentry  
  93  10:21  Zealot x2  
  93  10:22  Zealot x4  
  105  10:28  Zealot x2  
  109  10:36  Stalker  
  111  10:46  Stalker  
  111  10:47  Zealot x3, Stalker x2  
  111  11:05  Zealot x3  
Tags
 
Add a new tag
Caveats
  • Supply blocks, unpowered buildings, or Contaminate may cause inaccurate times.
  • Supply counts are checked every 10 seconds.